 Dungeon Sprint DCSS version 0.25.1-2-g60ff931df9 (webtiles) character file.

Game seed: 7238087809486925918

4556 nabru the Cleaver (level 10, -3/135 HPs)
             Began as a Demonspawn Berserker on Oct 22, 2020.
             Was the Champion of Trog.
             Slain by a shadow wraith (15 damage)
             ... summoned by a greater mummy
             ... in the Dungeon (Sprint V: "Ziggurat Sprint").
             The game lasted 00:06:00 (453 turns).

nabru the Cleaver (Demonspawn Berserker)             Turns: 453, Time: 00:06:00

Health: -3/135     AC: 29    Str: 43    XL:     10   Next: 18%
Magic:  11/11      EV: 11    Int: 13    God:    Trog [******]
Gold:   0          SH: 32    Dex: 12    Spells: 9/9 levels left

rFire    . . .     SeeInvis .   Q - +6 war axe of the Present {freeze, *Contam +Blink Str+8 Int+3}
rCold    . . .     Gourm    .   v - +18 shield of the Gong {rElec rN+ MR+ EV-5}
rNeg     + . .     Faith    .   u - +15 Maxwell's patent armour {-Cast -Tele rElec MR+ rCorr}
rPois    .         Spirit   .   (no helmet)
rElec    +         Reflect  .   (no cloak)
rCorr    +         Harm     .   P - +1 pair of gloves {Str+3}
MR       ++++.     NoTele   +   (no boots) Stlth ..........NoCast +
                                (no amulet)
HPRegen  1.32/turn              K - +6 ring of strength
MPRegen  0.12/turn              L - +6 ring of strength

@: agile, berserking, starving, regenerating, very quick
A: powered by pain 1, spiny 3, sturdy frame 1
a: Berserk, Trog's Hand, Brothers in Arms, Renounce Religion, Evoke Blink


You were in the Dungeon.
You worshipped Trog.
Trog was exalted by your worship.
You were starving.

You visited 1 branch

Inventory:

Hand Weapons
 a - a +0 hand axe
 s - the +10 dark maul {vorpal}
   (You found it in the Dungeon)

   It inflicts extra damage upon your enemies.
 t - the +9 heavy crossbow "Sniper" {vorpal, Acc+∞ SInv}
   (You found it in the Dungeon)

   Any bolt fired from it inflicts extra damage.
   It lets you see invisible.
 w - the +7 Singing Sword {vorpal, sonic wave}
   (You found it in the Dungeon)

   It inflicts extra damage upon your enemies.
 x - the +7 great mace "Firestarter" {inner flame, rF++}
   (You found it in the Dungeon)

   It has been specially enchanted to burn those struck by it, causing extra
   injury to most foes and up to half again as much damage against particularly
   susceptible opponents.
   It greatly protects you from fire.
 y - the +8 lance "Wyrmbane" {slay drac, rPois rF+ rC+ AC+3}
   (You found it in the Dungeon)

   It affects your AC (+3).
   It protects you from fire.
   It protects you from cold.
   It protects you from poison.
 z - the +7 mace of Variability {chain chaos}
   (You found it in the Dungeon)

   Each time it hits an enemy it has a different, random effect.
 A - the +11 plutonium sword {*Contam Stlth-}
   (You found it in the Dungeon)

   It causes magical contamination when unequipped.
   It makes you less stealthy.
 B - the +6 shillelagh "Devastator" {shatter}
   (You found it in the Dungeon)
 C - the +8 storm bow {elec, penet}
   (You found it in the Dungeon)

   It charges the ammunition it shoots with electricity; occasionally upon a
   hit, such missiles may discharge and cause terrible harm.
   Ammo fired by it will pass through the targets it hits, potentially hitting
   all targets in its path until it reaches maximum range.
 D - the +0 sword of Power
   (You found it in the Dungeon)
 E - the +9 sword of Zonguldrok {reap}
   (You found it in the Dungeon)

   If a monster killed with it leaves a corpse in good enough shape, the corpse
   will be animated as a zombie friendly to the killer.
 Q - the +6 war axe of the Present (weapon) {freeze, *Contam +Blink Str+8 Int+3}
   (You took it off a merfolk in the Dungeon)

   It has been specially enchanted to freeze those struck by it, causing extra
   injury to most foes and up to half again as much damage against particularly
   susceptible opponents.
   It can also slow down cold-blooded creatures.
   It affects your strength (+8).
   It affects your intelligence (+3).
   It lets you blink.
   It causes magical contamination when unequipped.
Armour
 u - the +15 Maxwell's patent armour (worn) {-Cast -Tele rElec MR+ rCorr}
   (You found it in the Dungeon)

   It insulates you from electricity.
   It affects your resistance to hostile enchantments.
   It prevents spellcasting.
   It prevents most forms of teleportation.
   It provides partial protection from all sources of acid and corrosion.
 v - the +18 shield of the Gong (worn) {rElec rN+ MR+ EV-5}
   (You found it in the Dungeon)

   It affects your evasion (-5).
   It insulates you from electricity.
   It protects you from negative energy.
   It affects your resistance to hostile enchantments.
 P - a +1 pair of gloves of strength (worn)
Jewellery
 F - an uncursed ring of flight
 G - a +6 ring of dexterity
 H - a +6 ring of dexterity
 I - a +6 ring of intelligence
 J - a +6 ring of intelligence
 K - a +6 ring of strength (left hand)
 L - a +6 ring of strength (right hand)
 R - an uncursed ring of fire
 T - the ring of the Komtur {rPois Stlth+}
   (You found it in the Dungeon)

   [ring of stealth]

   It protects you from poison.
   It makes you more stealthy.
 W - an uncursed ring of protection from cold
Wands
 M - a wand of disintegration (7)
 N - a wand of iceblast (7)
 O - a wand of acid (6)
Scrolls
 b - a scroll of brand weapon
 i - 4 scrolls of blinking
 o - 7 scrolls of fog
 p - 5 scrolls of identify
 q - 5 scrolls of remove curse
 r - 2 scrolls of fear
Potions
 d - 10 potions of curing
 e - 13 potions of heal wounds
 f - 6 potions of haste
 g - 7 potions of magic
 h - 3 potions of berserk rage
 j - 2 potions of invisibility
 k - 4 potions of resistance
 l - a potion of experience
 m - 5 potions of stabbing
 n - 5 potions of might
Miscellaneous
 U - a tin of tremorstones (3/3)
 V - a box of beasts
Comestibles
 c - 6 rations
 S - a chunk of flesh


   Skills:
 + Level 12.3 Fighting
 + Level 12.6(13.3) Axes
 + Level 7.6(11.1) Polearms
 + Level 5.2 Armour
 + Level 5.5 Dodging
 + Level 10.2 Shields
 + Level 1.9 Evocations


You had 9 spell levels left.
You didn't know any spells.
Your spell library was empty.

Dungeon Overview and Level Annotations

Branches:
Dungeon (1/1)

Altars:
Ashenzari
Cheibriados
Dithmenos
Elyvilon
Fedhas
Gozag
Hepliaklqana
Kikubaaqudgha
Makhleb
Nemelex Xobeh
Okawaru
Qazlal
Ru
Sif Muna
Trog
Uskayaw
Vehumet
Wu Jian
Xom
Yredelemnul
Zin
The Shining One
Beogh
Jiyva
Lugonu

Annotations:
D 1 transporter


Innate Abilities, Weirdness & Mutations

You sometimes gain a little power by taking damage.
You are completely covered in sharp spines.
Your movements are slightly less encumbered by armour. (ER -2)


Message History

The guardian mummy is severely damaged.
You miss something. You hit the phantasmal warrior. You slash the mummy priest!
You freeze the mummy priest. You hit the greater mummy.
You block the greater mummy's attack.
GONNNNG!
The greater mummy calls on the powers of darkness!
The mana viper convulses!
Your body is wracked with pain!
* * * LOW HITPOINT WARNING * * *
You hit the guardian mummy.
The guardian mummy is almost destroyed.
You slash something! You freeze something.
You hit the phantasmal warrior but do no damage.
You slice the mummy priest!! You freeze the mummy priest.
You slice the greater mummy!! You freeze the greater mummy.
You block the mummy priest's attack.
GONNNNG!
You block the phantasmal warrior's attack.
SHROANNG!
Something hits you!
You die...

▓▓▓▓▓▓▓▓▓▓▓▓▓▓▓▓▓▓▓
▓...8©8...▓
▓.§)))."..▓
▓...[M.[..▓
▓..W.Z34..▓
▓...WMS...▓
▓..{MMnM..▓
▓..{.MMM..▓
▓.▓.W@M.▓.▓
▓....©....▓
▓▓▓▓▓▓▓▓▓▓▓


You could see 2 greater mummies, 2 mummy priests, a phantasmal warrior
(summoned), a mana viper (summoned), 2 guardian mummies, a freezing wraith
(summoned), a smoke demon (summoned), a red devil (summoned), a necrophage
(summoned), a shadow (summoned), 3 mummies and a ball python simulacrum
(summoned).

Vanquished Creatures
  An orc high priest (D)
  A cyclops (D)
  6 merfolk (D)
  A raiju (D)
  A spriggan (D)
  5 air elementals (D)
  A floating eye (D)
  2 black bears (D)
  An eye of draining (D)
  2 phantoms (D)
  3 wolves (D)
  2 centaurs (D)
  An earth elemental (D)
  3 wights (D)
  A crimson imp (D)
  2 jellies (D)
  An iron imp (D)
  2 white imps (D)
  An ufetubus (D)
  An adder skeleton (D)
  2 bat zombies (D)
  A jackal (D)
41 creatures vanquished.

Vanquished Creatures (others)
  A spatial maelstrom (D)
  A deep elf mage (D)
  3 insubstantial wisps (D)
5 creatures vanquished.

Grand Total: 46 creatures vanquished

Notes
Turn   | Place    | Note
-------+----------+-------------------------------------------
     0 | D        | nabru the Demonspawn Berserker began the quest for the Orb.
     0 | D        | Reached XP level 1. HP: 18/18 MP: 1/1
     0 | D        | Found a shimmering blue altar of Sif Muna.
     0 | D        | Found a sacrificial altar of Ru.
     0 | D        | Found a bloodstained altar of Trog.
     0 | D        | Found a stormy altar of Qazlal.
     0 | D        | Found an iron altar of Okawaru.
     0 | D        | Found a sparkling altar of Nemelex Xobeh.
     0 | D        | Found a blossoming altar of Fedhas.
     1 | D        | Found the +6 Majin-Bo {vamp, Archmagi MP+6 Int+6}
     1 | D        | Found the +7 great mace "Firestarter" {inner flame, rF++}
     2 | D        | Found a transporter.
     2 | D        | Found an ancient bone altar of Kikubaaqudgha.
     2 | D        | Found a viscous altar of Jiyva.
     2 | D        | Found a corrupted altar of Lugonu.
     2 | D        | Found a hazy altar of Hepliaklqana.
     2 | D        | Found a burning altar of Makhleb.
     2 | D        | Found an opulent altar of Gozag.
     9 | D        | Banished a spatial maelstrom
    11 | D        | Found the +6 shillelagh "Devastator" {shatter}
    11 | D        | Found the +11 plutonium sword {*Contam Stlth-}
    11 | D        | Found the +8 lance "Wyrmbane" {slay drac, rPois rF+ rC+
                  | AC+3}
    11 | D        | Found the +9 sword of Zonguldrok {reap}
    11 | D        | Found the cursed +13 scythe of Curses {drain, *Curse}
    11 | D        | Found the +0 sword of Power
    11 | D        | Found the +7 mace of Variability {chain chaos}
    11 | D        | Found the +7 Singing Sword {vorpal, sonic wave}
    11 | D        | Found the +8 storm bow {elec, penet}
    12 | D        | Found the +9 heavy crossbow "Sniper" {vorpal, Acc+∞ SInv}
    12 | D        | Found the +10 dark maul {vorpal}
    12 | D        | Found the +15 Maxwell's patent armour {-Cast -Tele rElec
                  | MR+ rCorr}
    12 | D        | Found the +18 shield of the Gong {rElec rN+ MR+ EV-5}
    12 | D        | Found the cursed +14 obsidian axe {vorpal, +Fly SInv
                  | *Curse}
    71 | D        | Entered arena 2.
    71 | D        | Noticed a wolf
    71 | D        | Found a transporter.
    80 | D        | Killed a wolf
    80 | D        | Reached skill level 5 in Fighting
    80 | D        | Reached skill level 5 in Axes
    80 | D        | Reached skill level 1 in Polearms
    80 | D        | Reached skill level 1 in Shields
    80 | D        | Gained mutation: You are partially covered in sharp spines.
                  | [demonic ancestry]
    80 | D        | Reached XP level 2. HP: 28/28 MP: 2/2
    80 | D        | Gained mutation: You are mostly covered in sharp spines.
                  | [demonic ancestry]
    80 | D        | Reached XP level 3. HP: 34/34 MP: 3/3
    80 | D        | Gained mutation: You sometimes gain a little power by
                  | taking damage. [demonic ancestry]
    80 | D        | Reached XP level 4. HP: 40/40 MP: 4/4
   137 | D        | Entered arena 3.
   137 | D        | Noticed a merfolk
   137 | D        | Noticed a merfolk
   137 | D        | Noticed a merfolk
   137 | D        | Found a transporter.
   138 | D        | Identified the +6 war axe of the Present {freeze, *Contam
                  | +Blink Str+8 Int+3}
   151 | D        | Killed a merfolk
   151 | D        | Reached ** piety under Trog
   151 | D        | Reached XP level 5. HP: 45/49 MP: 5/5
   151 | D        | Gained mutation: Your movements are slightly less
                  | encumbered by armour. (ER -2) [demonic ancestry]
   151 | D        | Reached XP level 6. HP: 52/56 MP: 6/6
   157 | D        | Killed a merfolk
   163 | D        | Killed a merfolk
   163 | D        | Reached skill level 5 in Shields
   163 | D        | Reached XP level 7. HP: 41/65 MP: 7/7
   193 | D        | Entered arena 4.
   193 | D        | Found a transporter.
   194 | D        | Reached skill level 10 in Fighting
   194 | D        | Reached skill level 5 in Dodging
   197 | D        | Reached *** piety under Trog
   213 | D        | Entered arena 5.
   213 | D        | Noticed an air elemental
   213 | D        | Noticed a deep elf mage
   213 | D        | Noticed an orc high priest
   213 | D        | Found a transporter.
   217 | D        | Killed a deep elf mage
   217 | D        | Reached skill level 5 in Polearms
   217 | D        | Reached XP level 8. HP: 74/74 MP: 2/8
   219 | D        | Killed an air elemental
   222 | D        | Killed an orc high priest
   222 | D        | Reached **** piety under Trog
   222 | D        | Reached skill level 10 in Axes
   256 | D        | Entered arena 6.
   256 | D        | Found a transporter.
   261 | D        | Gained mutation: You are completely covered in sharp
                  | spines. [demonic ancestry]
   261 | D        | Reached XP level 9. HP: 81/81 MP: 9/9
   263 | D        | Reached ***** piety under Trog
   272 | D        | Entered arena 7.
   273 | D        | Found a transporter.
   275 | D        | Received a gift from Trog
   291 | D        | Got the ring of the Komtur {rPois Stlth+}
   297 | D        | Entered arena 8.
   297 | D        | Noticed a merfolk
   297 | D        | Noticed a cyclops
   297 | D        | Noticed a merfolk
   297 | D        | Noticed a merfolk
   302 | D        | Found a transporter.
   307 | D        | Killed a cyclops
   309 | D        | Killed a merfolk
   309 | D        | Reached skill level 1 in Evocations
   309 | D        | Killed a merfolk
   309 | D        | Reached ****** piety under Trog
   310 | D        | Killed a merfolk
   310 | D        | Received a gift from Trog
   320 | D        | Entered arena 9.
   321 | D        | Found a transporter.
   327 | D        | Reached XP level 10. HP: 35/89 MP: 11/11
   329 | D        | Reached skill level 5 in Armour
   332 | D        | Reached skill level 10 in Shields
   381 | D        | Entered arena 10.
   382 | D        | Found a transporter.
   389 | D        | Received a gift from Trog
   445 | D        | Entered arena 11.
   445 | D        | Noticed a greater mummy
   445 | D        | Noticed a mummy priest
   445 | D        | Noticed a mummy priest
   445 | D        | Noticed a greater mummy
   446 | D        | Found a transporter.
   446 | D        | HP: 3/90 [mummy priest/divine providence (10)]
   448 | D        | Noticed a flayed ghost
   448 | D        | Noticed a phantasmal warrior
   448 | D        | Noticed a smoke demon
   451 | D        | Noticed a mana viper
   453 | D        | Slain by a shadow wraith

Illustrated notes

Levels and vault maps discovered:
D:        sprint_v [room_start, room_1, room_2, room_3, room_4, room_5, room_6,
          room_7, room_8, room_9, room_10, room_11, room_12, room_13, room_14,
          room_15, room_16, room_17, room_18, room_19, room_20, room_21,
          room_22, room_23, room_24, room_25, room_26, room_27]

Skill      XL: |  1  2  3  4  5  6  7  8  9 10 |
---------------+-------------------------------+-----
Axes           | 5 7 8 9 10 12 | 12.6
Fighting       | 5 8 9 10 11 12 | 12.3
Polearms       | 1 2 4 5 6 7 |  7.6
Armour         | 2 3 4 5 |  5.2
Dodging        | 3 4 5 |  5.5
Shields        | 1 3 5 6 7 9 10 | 10.2
Evocations     | 1 |  1.9

Action                   |  1- 3 |  4- 6 |  7- 9 | 10-12 || total
-------------------------+-------+-------+-------+-------++-------
Melee: Lance             |     7 |    21 |       |       ||    28
       War axe           |       |       |    36 |    20 ||    56
Invok: Berserk           |     1 |     1 |     2 |     2 ||     6
       Trog's Hand       |       |       |     1 |     3 ||     4
Evoke: Wand              |       |       |     1 |       ||     1
       Tin of tremorston |       |       |     3 |       ||     3
  Use: Potion            |       |       |       |     1 ||     1
  Eat: Ration            |       |       |     1 |       ||     1
Armor: Plate armour      |     3 |     7 |    25 |     2 ||    37
Dodge: Dodged            |       |     1 |     8 |     1 ||    10
Block: Kite shield       |    11 |    31 |    70 |    33 ||   145
